 Dungeon Crawl Stone Soup version 0.29.1-1-gd02db6906a (webtiles) character file.

Game seed: 9901087836525304989

144 KamiKatze the Chopper (level 5, -6/64 HPs)
             Began as a Palentonga Berserker on Oct 1, 2022.
             Was a Believer of Trog.
             Splashed by a jelly's acid (9 damage)
             ... on level 4 of the Dungeon.
             The game lasted 00:05:46 (2191 turns).

KamiKatze the Chopper (Palentonga Berserker)        Turns: 2191, Time: 00:05:47

Health: -6/64      AC: -11   Str: 25    XL:     5   Next: 5%
Magic:  5/5        EV:  9    Int:  7    God:    Trog [**....]
Gold:   209        SH:  0    Dex:  9    Spells: 4/4 levels left

rFire   . . .      SeeInvis +   a - +0 hand axe
rCold   . . .      Faith    .   (no shield)
rNeg    . . .      Spirit   .   i - +0 leather armour
rPois   .          Reflect  .   (no helmet)
rElec   .          Harm     .   (no cloak)
rCorr   .          Rampage  .   (no gloves)
Will    .....                   (no barding)
Stlth   ..........              f - amulet of magic regeneration
HPRegen 0.20/turn               (no ring)
MPRegen 0.49/turn               (no ring)

@: berserking, corroded, very quick
A: large, rugged brown scales 3, see invisible, deformed body, roll 1, armoured
tail
a: Rolling Charge, Renounce Religion, Berserk, Trog's Hand


You were on level 4 of the Dungeon.
You worshipped Trog.
Trog was pleased with you.
You visited 1 branch of the dungeon, and saw 4 of its levels.

You collected 209 gold pieces.

Inventory:

Hand Weapons
 a - a +0 hand axe (weapon)
 p - a +0 war axe
Missiles
 q - 5 poisoned darts (quivered)
Armour
 b - a +0 animal skin
 e - a +0 chain mail
 i - a +0 leather armour (worn)
Jewellery
 f - an amulet of magic regeneration (around neck)
Wands
 n - a wand of charming (7)
Scrolls
 c - a scroll of enchant weapon {unknown}
 d - a scroll of amnesia
 j - a scroll of noise {unknown}
 o - a scroll of identify {unknown}
 r - a scroll of teleportation {unknown}
 t - a scroll of blinking {unknown}
Potions
 g - 2 potions of mutation {unknown}
 h - a potion of might {unknown}
 k - a potion of curing {unknown}
 l - a potion of attraction {unknown}
 m - a potion of brilliance {unknown}
 s - a potion of flight {unknown}


   Skills:
 + Level 3.5 Fighting
 * Level 4.1 Axes
 + Level 2.3 Armour
 + Level 2.2 Dodging
 + Level 1.3 Evocations


You had 4 spell levels left.
You didn't know any spells.
Your spell library was empty.

Dungeon Overview and Level Annotations

Branches:
Dungeon (4/15)
 Temple: D:4-7

Altars:

Shops:
D:2 [

Portals:
Abyss: D:3

Annotations:
D:3 2 transporters, kalagan's ghost, weakling DECj


Innate Abilities, Weirdness & Mutations

You are completely covered in rugged brown scales. (AC +3, +7% HP)
You have supernaturally acute eyesight. (SInv)
Armour fits poorly on your strangely shaped body.
You can roll at nearby foes to attack.
You have a long armoured tail.


Message History

Found a scroll labelled ZOZ LI QIUPI.
Found a stone staircase leading down.
You hit the endoplasm.
You tail-slap the endoplasm, but do no damage.
The endoplasm is lightly wounded.
The endoplasm barely misses you.
You hit the endoplasm.
The endoplasm is severely wounded.
The endoplasm freezes you.
You are frozen.
You slash the endoplasm!
You kill the endoplasm!
Trog accepts your kill.
No target in view!
Okay, then.
t - a scroll labelled ZOZ LI QIUPI A jelly comes into view.
The jelly quivers.
You hit the jelly but do no damage. The acid corrodes you!
Your hands burn!
The jelly hits you. The acid corrodes you!
You are splashed with acid!
You hit the jelly.
Your hands burn!
The jelly is moderately wounded.
The jelly barely misses you. The jelly closely misses you.
You are too injured to fight recklessly!
You are too injured to fight recklessly!
You hit the jelly but do no damage.
Your hands burn!
The jelly is moderately wounded.
The jelly hits you.
You are splashed with acid!
* * * LOW HITPOINT WARNING * * *
You hit the jelly. The acid corrodes you!
Your hands burn!
* * * LOW HITPOINT WARNING * * *
The jelly is moderately wounded.
The jelly hits you.
* * * LOW HITPOINT WARNING * * *
You are splashed with acid!
* * * LOW HITPOINT WARNING * * *
A red film seems to cover your vision as you go berserk!
You feel yourself moving faster!
You feel mighty! The jelly hits you.
* * * LOW HITPOINT WARNING * * *
The acid corrodes you!
You are splashed with acid!
You die...

*,* ****,,,,,*,,,,,,
************,*
*#.,*,,,,,+,*,*,,
*,,,,,,,,,,,,*
#..©*©,,,,+,,,©,,
*,************
#..,*,,,,,+,*,*,, *,*
#.#**,,,,,*,,,,,,
*,***********
#.#**,,,,,*,,,,,,
*,,,<,,,,,,,* #.#
*,,,,,*******
*,********#.####.#####*###**,*
**,* #...J@.....#.#..#*,***
,,,* #.####.#####.#..#*,,,,
**,*********,* #.#
#.....#***** *,,,,,,,,,,,* #.#
#.....# ***********,*
#.####>....## *,*
#.#.........##### *,*
#................
#.######.........#####
#..............###


You could see a jelly.

Vanquished Creatures
  Jessica (D:2)
  An orc wizard (D:3)
  An adder (D:3)
  A worm (D:2)
  A dart slug (D:1)
  10 orcs
  4 bats
  9 endoplasms
  5 giant cockroaches
  3 goblins
  4 hobgoblins
  4 jackals (D:1)
  3 quokkas
  2 ball pythons
  3 frilled lizards
  3 kobolds
  10 rats
65 creatures vanquished.

Notes
Turn   | Place    | Note
-------+----------+-------------------------------------------
     0 | D:1      | KamiKatze the Palentonga Berserker began the quest for the
                  | Orb.
     0 | D:1      | Reached XP level 1. HP: 19/19 MP: 1/1
   128 | D:1      | Reached XP level 2. HP: 18/25 MP: 2/2
   346 | D:1      | Found a faded altar of an unknown god.
   580 | D:1      | Reached XP level 3. HP: 30/31 MP: 3/3
   597 | D:1      | Reached ** piety under Trog
   786 | D:2      | Noticed Jessica
   796 | D:2      | Killed Jessica
   797 | D:2      | Reached skill level 1 in Evocations
   797 | D:2      | Reached XP level 4. HP: 19/37 MP: 4/4
   918 | D:2      | Found Gyce's Antique Armour Emporium.
  1430 | D:3      | Reached skill level 4 in Axes
  1553 | D:3      | Found a transporter.
  1568 | D:3      | Noticed a kobold brigand
  1569 | D:3      | Found a one-way gate to the infinite horrors of the Abyss.
  1569 | D:3      | Noticed kalagan's ghost (weakling DECj)
  1574 | D:3      | Found a transporter.
  1836 | D:3      | Reached XP level 5. HP: 11/43 MP: 5/5
  2191 | D:4      | HP: 3/64 [jelly (1)]
  2191 | D:4      | Splashed by a jelly's acid

Illustrated notes

Levels and vault maps discovered:
D:1:      mainiacjoe_arrival_reflecting_pool, layout_loops_ring,
          shapermc_ecumenical_altar_mp_highgroup, minmay_rat_gold_closets
D:2:      layout_basic, serial_shops, shop_fountains, uniq_jessica
D:3:      layout_basic, gammafunk_ghost_abyssal_escape
D:4:      gammafunk_cloud_chamber, layout_loops_ring, gammafunk_ghost_split,
          fountainhead, uniq_sigmund, uniq_pikel

Skill      XL: |  1  2  3  4 |
---------------+-------------+-----
Armour         | 2 |  2.3
Evocations     | 1 |  1.3
Dodging        | 2 |  2.2
Axes           | 4 |  4.1
Fighting       | |  3.5

Action                   |  1- 3 |  4- 6 || total
-------------------------+-------+-------++-------
Melee: Hand axe          |    76 |    70 ||   146
       Tailslap          |    10 |     4 ||    14
Invok: Berserk           |     2 |     3 ||     5
 Abil: Rolling Charge    |       |     1 ||     1
  Use: Scroll            |       |     2 ||     2
 Stab: Sleeping          |     3 |       ||     3
Armor: Animal skin       |    26 |       ||    26
       Leather armour    |     4 |    15 ||    19
Dodge: Dodged            |    34 |    19 ||    53
